 Dungeon Crawl Stone Soup version 0.24.0-13-gcf9b319 (webtiles) character file.

Game seed: 9754983457030857869, levelgen mode: deterministic

107 DrKleor the Sneak (level 4, -1/29 HPs)
             Began as an Octopode Assassin on Nov 29, 2019.
             Slain by an iguana (11 damage)
             ... on level 4 of the Dungeon.
             The game lasted 00:04:36 (3075 turns).

DrKleor the Sneak (Octopode Assassin)               Turns: 3075, Time: 00:04:36

Health: -1/29      AC:  1    Str: 10    XL:     4   Next: 85%
Magic:  4/4        EV: 13    Int: 13    God:
Gold:   160        SH:  0    Dex: 14    Spells: 3/3 levels left

rFire    . . .     SeeInvis .   a - +2 dagger
rCold    . . .     Gourm    .   (no shield)
rNeg     . . .     Faith    .   (helmet restricted)
rPois    .         Spirit   .   (no amulet)
rElec    .         Reflect  .   i - ring of protection from magic
rCorr    +         Harm     .   n - ring of resist corrosion
MR       +....                  (no ring)
Stlth    ++++......             (no ring)
HPRegen  0.09/turn              (no ring)
MPRegen  0.09/turn              (no ring)
                                (no ring)
                                (no ring)

@: no status effects
A: almost no armour, stealthy swim, amphibious, 8 rings, constrict 8, camouflage
1, gelatinous body 1
a: no special abilities


You were on level 4 of the Dungeon.
You were hungry.

You visited 1 branch of the dungeon, and saw 6 of its levels.

You collected 160 gold pieces.

Inventory:

Hand Weapons
 a - a +2 dagger (weapon)
Missiles
 b - 14 poisoned darts (quivered)
 c - 2 curare-tipped darts
Jewellery
 i - a ring of protection from magic (left tentacle)
 n - a ring of resist corrosion (right tentacle)
Scrolls
 g - 4 scrolls of identify {unknown}
 h - 2 scrolls of amnesia {unknown}
 j - a scroll of enchant armour {unknown}
 k - a scroll of random uselessness {unknown}
 m - a scroll of magic mapping {unknown}
 o - 6 scrolls of teleportation {unknown}
 p - a scroll of remove curse {unknown}
Potions
 e - 2 potions of lignification {unknown}
 f - 2 potions of heal wounds {unknown}
 l - a potion of ambrosia {unknown}
 q - a potion of agility {unknown}
 r - a potion of magic {unknown}
Comestibles
 d - 5 rations


   Skills:
 - Level 2.0 Fighting
 + Level 3.7 Short Blades
 - Level 2.0 Throwing
 - Level 1.0 Dodging
 + Level 7.0 Stealth


You had 3 spell levels left.
You didn't know any spells.
Your spell library was empty.

Dungeon Overview and Level Annotations

Branches:
Dungeon (6/15)
 Temple: D:4-7

Altars:
Ashenzari


Innate Abilities, Weirdness & Mutations

You cannot wear most types of armour.
You are very stealthy in the water. (Stealth+)
You are amphibious.
You can wear up to eight rings at the same time.
You can use your tentacles to constrict eight enemies at once.
Your skin changes colour to match your surroundings (Stealth+).
Your rubbery body absorbs attacks. (AC +1, EV +1)


Message History

You constrict the orc, but do no damage.
The orc closely misses you.
You hit the orc but do no damage.
The orc is lightly wounded.
You constrict the orc, but do no damage.
The orc closely misses you.
You hit the iguana. You grab the iguana.
The iguana is lightly wounded.
You constrict the iguana, but do no damage.
You constrict the orc. The iguana misses you.
You hit the iguana but do no damage. You squeeze the iguana.
The iguana is moderately wounded.
You constrict the iguana, but do no damage.
You constrict the orc. The orc hits you with a +0 mace. The iguana bites you!
You hit the iguana but do no damage.
The iguana is moderately wounded.
You constrict the iguana, but do no damage.
You constrict the orc. The orc hits you but does no damage.
The iguana bites you!
You die...

#. #.# #.# #.#
#.#
######.#########
............@l.#
#####.......o..#
#>.......<.#
#.#######.....
#.# ..### #..
..# ### ##


You could see an iguana and an orc.

Vanquished Creatures
  An orc priest (D:3)
  An adder (D:2)
  2 oozes (D:2)
  2 dart slugs
  6 orcs
  3 bats
  6 giant cockroaches
  2 goblins
  8 hobgoblins
  3 jackals (D:2)
  6 kobolds
  2 frilled lizards
  5 rats
47 creatures vanquished.

Notes
Turn   | Place    | Note
-------+----------+-------------------------------------------
     0 | D:1      | DrKleor the Octopode Assassin began the quest for the Orb.
     0 | D:1      | Reached XP level 1. HP: 14/14 MP: 1/1
   145 | D:1      | Reached XP level 2. HP: 14/19 MP: 2/2
   540 | D:1      | You fall into a shaft and drop 1 floor!
   977 | D:2      | Reached skill level 6 in Stealth
   977 | D:2      | Reached XP level 3. HP: 24/24 MP: 3/3
  1908 | D:3      | Reached XP level 4. HP: 29/29 MP: 4/4
  2972 | D:3      | Reached skill level 7 in Stealth
  2979 | D:3      | You fall into a shaft and drop 3 floors!
  2985 | D:5      | Entered Level 5 of the Dungeon
  2992 | D:5      | Found a shattered altar of Ashenzari.
  3075 | D:4      | Slain by an iguana

Levels and vault maps discovered:
D:1:      ebering_hopf_link, layout_loops_corners
D:2:      layout_loops_ring
D:3:      layout_basic
D:4:      minmay_angry_zag, layout_loops_ring, nicolae_ru_sacrificial_ziggurat,
          grunt_temple_overflow_cloverleaf, first_ration
D:5:      layout_basic, nicolae_ashenzari_panopticon, nemelex_altar_shiori
D:6:      layout_gridville, minmay_temple_entry_drinking_statues,
          uniq_prince_ribbit1, uniq_pikel

Skill      XL: |  1  2  3  4 |
---------------+-------------+-----
Stealth        | 6 7 |  7.0
Short Blades   | 3 |  3.7
Fighting       | |  2.0
Throwing       | |  2.0
Dodging        | |  1.0

Action                   |  1- 3 |  4- 6 || total
-------------------------+-------+-------++-------
Melee: Dagger            |    63 |    35 ||    98
       Constrict         |    11 |    10 ||    21
       Tentacles         |    14 |     8 ||    22
 Stab: Sleeping          |     8 |     3 ||    11
  Eat: Chunk             |     2 |     4 ||     6
Armor: Skin              |     1 |     3 ||     4
Dodge: Dodged            |    31 |    20 ||    51
